 Dungeon Crawl Stone Soup version 0.29.1-1-gd02db6906a (webtiles) character file.

Game seed: 1195159654337054908

6010 hilljack the Covered (level 10, -9/91 HPs)
             Began as a Gargoyle Warper on Sept 17, 2022.
             Was an Initiate of Yredelemnul.
             Mangled by a vault guard
             ... wielding a +0 broad axe
              (15 damage)
             ... in a bailey.
             The game lasted 00:22:25 (13170 turns).

hilljack the Covered (Gargoyle Warper)             Turns: 13170, Time: 00:22:26

Health: -9/91      AC: 25    Str: 16    XL:     10   Next: 86%
Magic:  14/19      EV:  2    Int: 17    God:    Yredelemnul [......]
Gold:   432        SH:  0    Dex:  9    Spells: 8/21 levels left

rFire   . . .      SeeInvis .   e - +2 quarterstaff "Vannuiwn" {vorpal, Stlth+}
rCold   . . .      Faith    .   (shield currently unavailable)
rNeg    + + .      Spirit   .   (body armour currently unavailable)
rPois   ∞          Reflect  .   (helmet currently unavailable)
rElec   .          Harm     .   (cloak currently unavailable)
rCorr   .          Rampage  .   (gloves currently unavailable)
Will    .....      NoTele   +   (boots currently unavailable)
Stlth   ++........              (no amulet)
HPRegen 0.25/turn               i - ring of positive energy
MPRegen 0.16/turn               (no ring)

@: tree-form (expiring)
A: stationary, stasis, torment immunity, boosted hp, sickness immunity, AC +7,
negative energy resistance 1, (electricity resistance), torment resistance 1,
petrification resistance, (big wings), (iridescent scales 1)
a: Renounce Religion, Recall Undead Harvest


You were in a bailey.
You worshipped Yredelemnul.
Yredelemnul was noncommittal.
You were a tree.
You visited 2 branches of the dungeon, and saw 10 of its levels.
You also visited: Bailey.

You collected 432 gold pieces.

Inventory:

Hand Weapons
 e - the +2 quarterstaff "Vannuiwn" (weapon) {vorpal, Stlth+}
   (You acquired it on level 1 of the Dungeon)

   It inflicts extra damage upon your enemies.
   Stlth:     It makes you more stealthy.
 v - a +5 mace of freezing
Missiles
 d - 6 boomerangs of dispersal (quivered)
Armour
 b - a +0 leather armour (melded)
 f - a +2 robe of resistance
 j - a +1 pair of boots (melded)
 k - a +1 cloak (melded)
 u - a +0 pair of gloves (melded)
Jewellery
 i - a ring of positive energy (left branch)
 t - a ring of fire
Scrolls
 l - 2 scrolls of teleportation
 r - a scroll of enchant weapon
 w - a scroll of identify
 x - a scroll of silence
Potions
 g - 3 potions of brilliance
 h - a potion of cancellation
 m - a potion of lignification
 p - 2 potions of mutation
 s - a potion of attraction


   Skills:
 - Level 6.7 Fighting
 + Level 6.7 Maces & Flails
 - Level 0.8 Throwing
 + Level 7.1 Armour
 - Level 5.0 Dodging
 + Level 6.2 Spellcasting
 + Level 6.5 Translocations
 + Level 5.0 Invocations


You had 8 spell levels left.
You knew the following spells:

 Your Spells              Type           Power      Damage    Failure   Level
a - Blink                 Tloc           54%        N/A       1%          2
b - Lesser Beckoning      Tloc           27%        N/A       2%          3
c - Manifold Assault      Tloc           27%        N/A       24%         5
d - Teleport Other        Tloc           27%        N/A       2%          3

Your spell library contained the following spells:

 Spells                   Type           Power      Damage    Failure   Level
 Gell's Gravitas          Tloc           27%        N/A       2%          3
 Magic Dart               Conj           20%        1d4       13%         1
 Call Imp                 Summ           5%         N/A       19%         2
 Ensorcelled Hibernation  Hex/Ice        10%        N/A       19%         2
 Passwall                 Tmut/Erth      4%         N/A       19%         2
 Scorch                   Fire           10%        2d5       19%         2
 Mephitic Cloud           Conj/Pois/Air  5%         N/A       36%         3
 Swiftness                Air            5%         N/A       36%         3
 Flame Wave               Conj/Fire      5%         2d5       77%         4
 Petrify                  Tmut/Erth      5%         N/A       77%         4
 Irradiate                Conj/Tmut      2%         3d12      98%         5
 Conjure Ball Lightning   Conj/Air       2%         3x3d6     100%        6
 Summon Cactus Giant      Summ           2%         N/A       100%        6
 Discord                  Hex            2%         N/A       100%        8
 Disjunction              Tloc           13%        N/A       100%        8
 Sublimation of Blood     Necr           Unusable   N/A       N/A         2

Dungeon Overview and Level Annotations

Branches:
Dungeon (9/15)             Temple (1/1) D:6          Bailey (1/1)
   Lair: D:8-11         Orc: D:9-12

Altars:
Ashenzari
Cheibriados
Dithmenos
Elyvilon
Fedhas
Gozag
Hepliaklqana
Kikubaaqudgha
Makhleb
Nemelex Xobeh
Okawaru
Qazlal
Ru
Sif Muna
Trog
Uskayaw
Vehumet
Wu Jian
Xom
Yredelemnul
Zin
The Shining One

Annotations:
D:4 3 runed translucent doors, TheUltimateLifeform's ghost, amateur HOFi
D:9 Pikel


Innate Abilities, Weirdness & Mutations

You are a tree.
Your roots penetrate the ground, keeping you stationary.
You cannot be teleported.
You are immune to unholy pain and torment.
Your maximum health is greatly increased.
Your equipment is partially melded.
You are immune to sickness and miasma.
((Your stone body is resilient. (AC +7)))
You are immune to poison.
You resist negative energy. (rN+)
((You are resistant to electric shocks. (rElec)))
You are resistant to unholy torment.
You are immune to petrification.
((Your large and strong wings let you fly.))
((You are partially covered in iridescent scales. (AC +2)))


Message History

The vault guard hits you with a +0 broad axe!
* * * LOW HITPOINT WARNING * * *
You sock the vault guard!
The vault guard is heavily wounded.
The vault guard hits you with a +0 broad axe.
* * * LOW HITPOINT WARNING * * *
You sock the vault guard!
The vault guard is heavily wounded.
The vault guard barely misses you.
Okay, then.
Casting: Teleport Other (mildly dangerous; 2% risk of failure)
Confirm with . or Enter, or press ? or * to list all spells.
Aiming: Teleport Other (mildly dangerous; 2% risk of failure)
Press: ? - help, Shift-Dir - straight line, f/p - bullfrog
Aim: a bullfrog (almost dead, chance to affect: 66%)
The vault guard easily resists.
The vault guard hits you but does no damage.
Casting: Teleport Other (mildly dangerous; 2% risk of failure)
Confirm with . or Enter, or press ? or * to list all spells.
Aiming: Teleport Other (mildly dangerous; 2% risk of failure)
Press: ? - help, Shift-Dir - straight line, f/p - bullfrog
Aim: a bullfrog (almost dead, chance to affect: 66%)
The vault guard easily resists.
The vault guard hits you but does no damage.
You barely miss the vault guard.
The vault guard is heavily wounded.
The vault guard hits you but does no damage.
You barely miss the vault guard.
The vault guard is heavily wounded.
The vault guard hits you with a +0 broad axe.
* * * LOW HITPOINT WARNING * * *
You sock the vault guard!
The vault guard is severely wounded.
Your transformation is almost over.
The vault guard hits you but does no damage.
You hit the vault guard but do no damage.
The vault guard is severely wounded.
The vault guard hits you with a +0 broad axe!
You die...
Your body rises from the dead as a mindless zombie.

## ##~~ #~~~ +~~~~
##### #~~~~##...##
###### #~~~'..∩..#
≈≈≈≈≈### ######.....#
~~~~~≈≈##+#...Fp♣.∩..#
~~~~~~~≈#.....)##...##
~~~~~~≈##......)#####
~~...~≈#######...#
~~~...~≈≈≈#..##..#
..........#..#.p.#
....~~~~.p)..#...#
..~~≈≈≈≈~~#.....##
.~≈≈####≈≈#....##


You could see a vault guard and a bullfrog.

Vanquished Creatures
  Joseph (D:8)
  Grinder (D:5)
  A troll (D:6)
  Prince Ribbit (D:7)
  Sigmund (D:6)
  4 humans (Bailey)
  A steam dragon (D:7)
  An acid dragon (D:9)
  A water moccasin (D:5)
  An orc warrior (D:7)
  A black bear (D:4)
  2 ice beasts
  2 centaurs
  An ogre (D:4)
  3 phantoms
  A kobold brigand (D:9)
  14 bullfrogs
  5 scorpions
  7 wights
  2 killer bees (D:8)
  5 howler monkeys
  4 jellies
  An orc priest (D:4)
  A hound (D:5)
  Ijyb (D:4)
  2 iguanas
  5 orc wizards
  12 gnolls
  5 adders
  A shadow imp (D:6)
  2 white imps (D:7)
  2 worms (D:4)
  3 dart slugs
  28 orcs
  6 bats
  10 endoplasms
  3 giant cockroaches
  7 goblins
  9 hobgoblins
  2 jackals (D:4)
  7 kobolds
  5 quokkas
  9 ball pythons
  4 frilled lizards
  10 rats
195 creatures vanquished.

Vanquished Creatures (collateral kills)
  A hornet (D:9)
  An ogre (D:6)
  2 bullfrogs (Bailey)
  3 wights (D:8)
  A killer bee (D:8)
  A jelly (D:7)
  2 orcs
  5 kobolds
16 creatures vanquished.

Vanquished Creatures (others)
  3 human zombies
  10 bullfrog zombies
  A centaur zombie (D:8)
  A scorpion zombie (D:7)
  A howler monkey zombie (D:6)
  A jelly zombie (D:7)
  2 gnoll zombies (D:7)
  A goblin zombie (D:7)
  A hobgoblin zombie (D:7)
  6 orc zombies
  3 plants (D:7)
30 creatures vanquished.

Grand Total: 241 creatures vanquished

Notes
Turn   | Place    | Note
-------+----------+-------------------------------------------
     0 | D:1      | hilljack the Gargoyle Warper began the quest for the Orb.
     0 | D:1      | Reached XP level 1. HP: 12/12 MP: 3/3
   226 | D:1      | Reached XP level 2. HP: 10/18 MP: 5/5
   447 | D:1      | Identified a scroll of acquirement
   447 | D:1      | Acquired the +2 quarterstaff "Vannuiwn" {vorpal, Stlth+}
  1125 | D:2      | Learned a level 2 spell: Blink
  1192 | D:2      | Reached XP level 3. HP: 22/22 MP: 6/6
  1774 | D:2      | Reached XP level 4. HP: 27/27 MP: 7/7
  1790 | D:2      | Found a faded altar of an unknown god.
  2060 | D:3      | Reached skill level 2 in Armour
  2645 | D:3      | Reached XP level 5. HP: 22/32 MP: 8/8
  3595 | D:4      | Noticed a centaur
  3945 | D:4      | Noticed Ijyb
  3974 | D:4      | Killed Ijyb
  3975 | D:4      | Reached XP level 6. HP: 30/37 MP: 10/10
  4296 | D:4      | Reached skill level 3 in Armour
  4381 | D:4      | Found a runed translucent gate.
  4381 | D:4      | Found a runed translucent gate.
  4383 | D:4      | Found a runed translucent gate.
  4444 | D:4      | Noticed a black bear
  4585 | D:4      | Noticed TheUltimateLifeform's ghost (amateur HOFi)
  4607 | D:4      | Noticed an orc warrior
  4654 | D:4      | Found a shimmering altar of Xom.
  4663 | D:4      | Found a radiant altar of Vehumet.
  4688 | D:4      | Killed a black bear
  4689 | D:4      | Reached XP level 7. HP: 37/42 MP: 11/11
  5233 | D:5      | Entered Level 5 of the Dungeon
  5837 | D:5      | Reached skill level 4 in Armour
  5837 | D:5      | Reached XP level 8. HP: 46/48 MP: 13/13
  6231 | D:6      | Gained mutation: Your large and strong wings let you fly.
                  | [potion of mutation]
  6231 | D:6      | Gained mutation: You are partially covered in iridescent
                  | scales. (AC +2) [potion of mutation]
  6313 | D:6      | Noticed Grinder
  6577 | D:6      | Found a staircase to the Ecumenical Temple.
  6588 | Temple   | Entered the Ecumenical Temple
  7039 | Temple   | Became a worshipper of Yredelemnul the Dark
  7105 | D:6      | Learned a level 3 spell: Lesser Beckoning
  7111 | D:6      | Learned a level 5 spell: Manifold Assault
  7195 | D:5      | Killed Grinder
  7196 | D:5      | Reached skill level 5 in Fighting
  7394 | D:6      | Reached * piety under Yredelemnul
  7411 | D:6      | Reached XP level 9. HP: 49/54 MP: 15/15
  7417 | D:6      | Reached skill level 5 in Armour
  7417 | D:6      | Reached skill level 5 in Translocations
  7423 | D:6      | Reached skill level 1 in Invocations
  7701 | D:6      | Noticed Sigmund
  7709 | D:6      | Killed Sigmund
  7710 | D:6      | Reached skill level 5 in Maces & Flails
  8091 | D:7      | Noticed a troll
  8696 | D:6      | Killed a troll
  8924 | D:7      | Reached skill level 5 in Spellcasting
  9435 | D:7      | Noticed Prince Ribbit
  9513 | D:7      | Killed Prince Ribbit
  9528 | D:7      | Your ally Prince Ribbit died
  9816 | D:7      | Reached XP level 10. HP: 61/61 MP: 17/17
 10548 | D:8      | Reached skill level 6 in Armour
 10646 | D:8      | Noticed Joseph
 10658 | D:8      | Killed Joseph
 11009 | D:8      | Learned a level 3 spell: Teleport Other
 11049 | D:8      | Reached skill level 5 in Dodging
 11460 | D:8      | Your ally Joseph died
 12205 | D:9      | Reached ** piety under Yredelemnul
 12320 | D:9      | Found a flagged portal.
 12324 | D:9      | Noticed Pikel
 12327 | Bailey   | Entered a bailey
 12808 | Bailey   | Reached skill level 7 in Armour
 12808 | Bailey   | HP: 3/61 [bullfrog (7)]
 12852 | Bailey   | Reached skill level 5 in Invocations
 13115 | Bailey   | Noticed a vault guard
 13170 | Bailey   | Mangled by a vault guard

Illustrated notes

Levels and vault maps discovered:
D:1:      wander_arrival_chamber, layout_loops_ring, minmay_tripent
D:2:      layout_basic, dreamdust_ecumenical_altar_angels_and_demons,
          palyth_stone_intersect, grunt_decor_arrowhead
D:3:      layout_loops_ring, st_stairs_11
D:4:      minmay_evil_eye, layout_basic, mainiacjoe_overflow_swirl,
          gammafunk_ghost_split, uniq_ijyb
D:5:      layout_loops_cross, hangedman_decor_diamond_cutter, grunt_ministairs_4
D:6:      layout_basic, minmay_temple_entry_mini_moons, uniq_sigmund,
          uniq_grinder
D:7:      corexii_shack_village, layout_basic, minmay_diced_spiral,
          uniq_prince_ribbit1
D:8:      layout_gridville, uniq_joseph
D:9:      layout_long_grid, enter_bailey_5, uniq_pikel
Temple:   mainiacjoe_temple_big_plus
Bailey:   bailey_axe_froggy_fort_hellmonk, bailey

Skill      XL: |  1  2  3  4  5  6  7  8  9 10 |
---------------+-------------------------------+-----
Translocations | 3 4 5 6 |  6.5
Dodging        | 2 3 4 5 |  5.0
Armour         | 2 3 4 5 7 |  7.1
Fighting       | 3 4 5 6 |  6.7
Maces & Flails | 3 4 5 6 |  6.7
Spellcasting   | 3 4 5 6 |  6.2
Invocations    | 3 5 |  5.0
Throwing       | |  0.8

Action                   |  1- 3 |  4- 6 |  7- 9 | 10-12 || total
-------------------------+-------+-------+-------+-------++-------
Melee: Mace              |    15 |       |       |       ||    15
       Quarterstaff      |    60 |   168 |   313 |   217 ||   758
       Unarmed           |       |       |       |    14 ||    14
Throw: Boomerang         |       |       |     1 |       ||     1
 Cast: Blink             |       |       |     1 |       ||     1
       Teleport Other    |       |       |       |     2 ||     2
  Use: Scroll            |     7 |     6 |     5 |     3 ||    21
       Potion            |       |     1 |     4 |     8 ||    13
 Stab: Sleeping          |     8 |     4 |     4 |     1 ||    17
       Invisible         |       |     1 |       |       ||     1
       Distracted        |       |       |     1 |       ||     1
Armor: Leather armour    |    34 |   102 |   180 |   185 ||   501
       Skin              |       |       |       |    24 ||    24
Dodge: Dodged            |    41 |   143 |   202 |   227 ||   613
